 Dungeon Crawl Stone Soup version 0.25-a0-479-g8579842fd4 (webtiles) character file.

Game seed: 451421049365511640, levelgen mode: deterministic

14 Eurus the Conjurer (level 2, 0/20 HPs)
             Began as a Mummy Conjurer on Feb 9, 2020.
             Slain by a bat (1 damage)
             ... on level 1 of the Dungeon.
             The game lasted 00:01:31 (922 turns).

Eurus the Conjurer (Mummy Conjurer)                  Turns: 922, Time: 00:01:32

Health: 0/20       AC:  2    Str: 11    XL:     2   Next: 31%
Magic:  2/6        EV: 12    Int: 14    God:
Gold:   0          SH:  0    Dex: 12    Spells: 4/7 levels left

rFire    x . .     SeeInvis .   e - +0 dagger
rCold    + . .     Gourm    .   (no shield)
rNeg     + + +     Faith    .   a - +0 robe
rPois    ∞         Spirit   .   (no helmet)
rElec    .         Reflect  .   (no cloak)
rCorr    .         Harm     .   (no gloves)
MR       .....                  (no boots)
Stlth    ++........             (no amulet)
HPRegen  0.06/turn              (no ring)
MPRegen  0.10/turn              (no ring)

@: no status effects
A: no food or potions, fire vulnerability, cold resistance 1, negative energy
resistance 3, torment resistance, unbreathing
a: no special abilities


You were on level 1 of the Dungeon.
You were not hungry.

You visited 1 branch of the dungeon, and saw 1 of its levels.

Inventory:

Hand Weapons
 e - a +0 dagger (weapon)
Armour
 a - a +0 robe (worn)
Jewellery
 b - an uncursed amulet of regeneration {unknown}
 d - an uncursed ring of wizardry {unknown}
 f - an uncursed amulet of harm {unknown}
Scrolls
 c - a scroll of identify {unknown}


   Skills:
 + Level 0.7 Fighting
 - Level 1.5 Dodging
 - Level 1.5 Stealth
 + Level 3.0 Spellcasting
 * Level 3.5 Conjurations


You had 4 spell levels left.
You knew the following spells:

 Your Spells              Type           Power        Failure   Level  Hunger
a - Magic Dart            Conj           ##..         4%          1    N/A
b - Searing Ray           Conj           ##....       8%          2    N/A

Your spell library contained the following spells:

 Spells                   Type           Power        Failure   Level  Hunger
 Dazzling Flash           Conj/Hex       #.....       30%         3    N/A
 Fulminant Prism          Conj/Hex       #.........   71%         4    N/A
 Iskenderun's Mystic Bla  Conj/Tloc      #.......     71%         4    N/A

Dungeon Overview and Level Annotations

Branches:
Dungeon (1/15)

Altars:


Innate Abilities, Weirdness & Mutations

You do not eat or drink.
Your flesh is vulnerable to fire.
You are immune to poison.
Your flesh is cold resistant. (rC+)
You are immune to negative energy. (rN+++)
You are immune to unholy pain and torment.
You can survive without breathing.


Message History

You barely miss the hobgoblin.
The hobgoblin is severely wounded.
The hobgoblin hits you but does no damage.
Casting: Magic Dart (safe; 4% risk of failure)
Confirm with . or Enter, or press ? or * to list all spells.
Aiming: Magic Dart (safe; 4% risk of failure)
Press: ? - help, Shift-Dir - straight line, f/p - hobgoblin
Aim: a hobgoblin, wielding a +0 club (severely wounded)
The magic dart hits the hobgoblin but does no damage.
The hobgoblin is severely wounded.
The hobgoblin hits you with a +0 club.
* * * LOW HITPOINT WARNING * * *
Casting: Magic Dart (safe; 4% risk of failure)
Confirm with . or Enter, or press ? or * to list all spells.
You don't know that spell.
A bat comes into view.
The bat closely misses you. The bat misses you. The bat hits you.
You die...

###############
##########...........##.
.......@b.g........#.##.
##########.#######.#.##.
#.#.#####.#.##.
#.#.........##.
#.#.#####...##.
#.#.........##.
#.######....##.
#...........##.
.#.........##.


You could see a hobgoblin and a bat.

Vanquished Creatures
  2 dart slugs (D:1)
  A leopard gecko (D:1)
  2 hobgoblins (D:1)
  A jackal (D:1)
  A bat (D:1)
  A goblin (D:1)
  A kobold (D:1)
  A rat (D:1)
10 creatures vanquished.

Notes
Turn   | Place    | Note
-------+----------+-------------------------------------------
     0 | D:1      | Eurus the Mummy Conjurer began the quest for the Orb.
     0 | D:1      | Reached XP level 1. HP: 13/13 MP: 4/4
   390 | D:1      | Reached XP level 2. HP: 20/20 MP: 0/5
   394 | D:1      | Learned a level 2 spell: Searing Ray
   911 | D:1      | HP: 1/20 [hobgoblin/+0 club (1)]
   922 | D:1      | Slain by a bat

Levels and vault maps discovered:
D:1:      dpeg_arrival_brainrot, layout_basic, serial_glass, glass_columns_c,
          glass_columns_c, glass_columns_a

Skill      XL: |  1  2 |
---------------+-------+-----
Spellcasting   | 3 |  3.0
Fighting       | |  0.7
Dodging        | |  1.5
Stealth        | |  1.5
Conjurations   | |  3.5

Action                   || total
-------------------------++-------
Melee: Unarmed           ||     3
       Club              ||     6
       Dagger            ||    10
 Cast: Magic Dart        ||    26
 Stab: Sleeping          ||     1
Armor: Robe              ||     4
Dodge: Dodged            ||    12

Table legend:
 A = Non-vault XP
 B = Vault XP
 C = Vault XP percentage of total XP
 D = Non-vault monster count
 E = Vault monster count
 F = Vault count percentage of total count
                 A         B        C        D         E       F
            +---------+---------+-------+---------+---------+-------
      Total |      19 |       2 |   9.5 |       9 |       1 |  10.0
            +---------+---------+-------+---------+---------+-------
        D:1 |      19 |       2 |   9.5 |       9 |       1 |  10.0
            +---------+---------+-------+---------+---------+-------
